 Dungeon Crawl Stone Soup version 0.19.4-9-g45fd643 (webtiles) character file.

167 Mefis the Magician (level 5, 0/28 HPs)
             Began as a Deep Elf Wizard on Feb 15, 2017.
             Slain by an ogre
             ... wielding a +0 giant club
              (28 damage)
             ... on level 4 of the Dungeon.
             The game lasted 00:05:06 (3997 turns).

Mefis the Magician (Deep Elf Wizard)                Turns: 3997, Time: 00:05:07

Health: 0/28       AC:  2    Str:  4    XL:     5   Next: 23%
Magic:  2/15       EV: 13    Int: 24    God:
Gold:   196        SH:  0    Dex: 13    Spells: 7 memorised, 1 level left

rFire  + . .     SeeInvis .     k - +4 short sword (protect)
rCold  . . .     Gourm    +     a - +0 robe
rNeg   . . .     Faith    .     (no shield)
rPois  .         Spirit   .     b - +0 hat
rElec  .         Reflect  .     (no cloak)
rCorr  .         Harm     .     (no gloves)
MR     .....                    (no boots)
Stlth  +.........               t - amulet of the gourmand
                                (no ring)
                                x - ring of protection from fire

@: repel missiles
A: no striking features
a: no special abilities


You were on level 4 of the Dungeon.
You were completely stuffed.

You visited 1 branch of the dungeon, and saw 4 of its levels.

You collected 196 gold pieces.

Inventory:

Hand Weapons
 i - a +0 hunting sling
 j - a +0 club
 k - a +4 short sword of protection (weapon)
 o - a +2 spear of piercing
Missiles
 m - 8 curare-tipped needles
Armour
 a - a +0 robe (worn)
 b - a +0 hat (worn)
 y - a +0 buckler
Jewellery
 t - an amulet of the gourmand (around neck)
 x - a ring of protection from fire (left hand)
Wands
 h - a wand of flame (6/48)
Scrolls
 f - 3 scrolls of enchant weapon {unknown}
 g - 5 scrolls of identify {unknown}
 l - 2 scrolls of remove curse {unknown}
 r - a scroll of enchant armour {unknown}
 u - a scroll of amnesia {unknown}
Potions
 e - a potion of might {unknown}
 n - a potion of mutation {unknown}
 p - a potion of flight {unknown}
 q - a potion of haste {unknown}
 s - a potion of brilliance
 z - a potion of beneficial mutation {unknown}
Books
 c - a book of Minor Magic

   Spells                             Type                      Level
   a - Magic Dart                     Conjuration                  1
   b - Blink                          Translocation                2
   c - Call Imp                       Summoning                    2
   d - Repel Missiles                 Charms/Air                   2
   e - Slow                           Hexes                        2
   f - Conjure Flame                  Conjuration/Fire             3
   g - Mephitic Cloud                 Conjuration/Poison/Air       3
Comestibles
 d - 3 bread rations
 v - a meat ration
 w - a beef jerky
 A - 2 chunks of flesh


   Skills:
 + Level 3.2 Dodging
 + Level 3.6 Stealth
 + Level 0.0 Shields
 * Level 6.1 Spellcasting
 + Level 2.1 Conjurations
 + Level 0.0 Hexes
 - Level 1.1 Summonings
 - Level 1.1 Translocations
 + Level 1.3 Air Magic
 + Level 1.4 Poison Magic


You had one spell level left.
You knew the following spells:

 Your Spells              Type           Power        Failure   Level  Hunger
a - Magic Dart            Conj           ###.         3%          1    None
b - Call Imp              Summ           ##......     10%         2    None
c - Blink                 Tloc           N/A          10%         2    None
d - Repel Missiles        Chrm/Air       ##....       12%         2    None
e - Mephitic Cloud        Conj/Pois/Air  ###.....     14%         3    #......
f - Conjure Flame         Conj/Fire      ##......     17%         3    #......
g - Slow                  Hex            #.......     12%         2    None


Dungeon Overview and Level Annotations

Branches:
Dungeon (4/15)
 Temple: D:4-7

Altars:
Hepliaklqana
The Shining One


Message History

The ogre is severely wounded.
The ogre seems less confused.
Casting: Magic Dart
Confirm with . or Enter, or press ? or * to list all spells.
Aiming: Magic Dart
Press: ? - help, Shift-Dir - straight line, f/p - ogre
Aim: an ogre, wielding a giant club (severely wounded)
The magic dart hits the ogre.
The ogre is almost dead.
Casting: Magic Dart
Confirm with . or Enter, or press ? or * to list all spells.
Aiming: Magic Dart
Press: ? - help, Shift-Dir - straight line, f/p - ogre
Aim: an ogre, wielding a giant club (almost dead)
The magic dart hits the ogre.
The ogre is almost dead.
Your unstable footing causes you to fumble your attack.
The ogre hits you with a giant club!!
Ouch! That really hurt!
You die...

.##########
..........####
.....#.......#
..)+.......# ##### .
♣♣≈.......# #...
♣≈≈P♣≈≈♣......# ###.##
≈≈≈≈≈P≈≈@P♣♣..# #<...#
♣≈≈≈≈≈≈≈≈O≈≈♣♣#.###..#
≈≈≈≈≈≈≈≈≈≈≈P≈≈≈....†.#
≈P≈≈≈≈≈≈≈≈≈≈PP≈≈####.####
≈..P♣PP≈≈≈≈≈≈≈≈..........
.....≈.≈.≈≈≈≈♣###.#######
.........................
.≈...........##.#########
≈≈≈..≈..........#......


You could see an ogre.

Vanquished Creatures
  An orc wizard (D:3)
  A worker ant (D:4)
  An adder (D:3)
  An ooze (D:1)
  4 worms
  A dart slug (D:1)
  A leopard gecko (D:2)
  6 orcs
  A ball python (D:1)
  16 bats
  6 giant cockroaches
  7 goblins
  4 hobgoblins
  6 jackals
  5 frilled lizards
  8 kobolds
  8 rats
77 creatures vanquished.

Notes
Turn   | Place    | Note
-------+----------+-------------------------------------------
     0 | D:1      | Mefis the Deep Elf Wizard began the quest for the Orb.
     0 | D:1      | Reached XP level 1. HP: 10/10 MP: 7/7
   175 | D:1      | Reached XP level 2. HP: 15/15 MP: 6/9
   179 | D:1      | Learned a level 2 spell: Call Imp
   182 | D:1      | Learned a level 2 spell: Blink
   185 | D:1      | Learned a level 2 spell: Repel Missiles
   621 | D:1      | Reached skill level 5 in Spellcasting
  1009 | D:2      | Reached XP level 3. HP: 19/19 MP: 7/11
  1014 | D:2      | Learned a level 3 spell: Mephitic Cloud
  1497 | D:2      | Found a hazy altar of Hepliaklqana.
  1740 | D:2      | Found a faded altar of an unknown god.
  2225 | D:3      | Reached skill level 1 in Air Magic
  2225 | D:3      | Reached XP level 4. HP: 21/24 MP: 3/13
  2301 | D:3      | Learned a level 3 spell: Conjure Flame
  2492 | D:3      | Found a glowing golden altar of the Shining One.
  2741 | D:3      | Reached skill level 1 in Poison Magic
  2891 | D:3      | Reached skill level 6 in Spellcasting
  3267 | D:3      | Reached XP level 5. HP: 28/28 MP: 12/15
  3277 | D:3      | Learned a level 2 spell: Slow
  3969 | D:4      | Noticed an ogre
  3997 | D:4      | Slain by an ogre

Skill      XL: |  1  2  3  4 |
---------------+-------------+-----
Spellcasting   | 5 6 |  6.1
Stealth        | 3 |  3.6
Dodging        | 3 |  3.2
Conjurations   | 2 |  2.1
Air Magic      | 1 |  1.3
Poison Magic   | 1 |  1.4
Summonings     | |  1.1
Translocations | |  1.1

Action                   |  1- 3 |  4- 6 || total
-------------------------+-------+-------++-------
Melee: Short sword       |    17 |     3 ||    20
 Cast: Magic Dart        |   121 |    95 ||   216
       Repel Missiles    |     2 |       ||     2
       Mephitic Cloud    |     2 |     1 ||     3
       Blink             |       |     1 ||     1
  Use: Potion            |       |     3 ||     3
 Stab: Sleeping          |     1 |     1 ||     2
  Eat: Chunk             |     6 |    12 ||    18
Armor: Robe              |     6 |     3 ||     9
Dodge: Dodged            |    23 |    18 ||    41
       Deflected         |     3 |       ||     3
